 Dungeon Crawl Stone Soup version 0.30-a0-939-gc8157cb160 (webtiles) character file.

Game seed: 16681196656257895977

3 cforsyth the Trooper (level 1, 0/11 HPs)
             Began as a Vine Stalker Fighter on Mar 25, 2023.
             Slain by a kobold
             ... wielding a +0 whip
              (2 damage)
             ... on level 1 of the Dungeon.
             The game lasted 00:00:08 (118 turns).

cforsyth the Trooper (Vine Stalker Fighter)          Turns: 118, Time: 00:00:09

Health: 0/11       AC:  6    Str: 18    XL:     1   Next: 50%
Magic:  0/2        EV:  9    Int:  8    God:
Gold:   0          SH:  4    Dex: 13    Spells: 0/0 levels left

rFire   . . .      SeeInvis .    a - +0 rapier
rCold   . . .      Faith    .    c - +0 buckler
rNeg    . . .      Spirit   +    b - +0 scale mail
rPois   .          Reflect  .    (no helmet)
rElec   .          Rampage  .    (no cloak)
rCorr   .                        (no gloves)
Will    .....                    (no boots) Stlth
                                 (no amulet)
HPRegen 0.21/turn                (no ring)
MPRegen 0.08/turn                (no ring)

@: no status effects
A: fangs 2, magic shield, antimagic bite, no potion heal 2
a: no special abilities


You were on level 1 of the Dungeon.
You visited 1 branch of the dungeon, and saw 1 of its levels.

Inventory:

Hand Weapons
 a - a +0 rapier (weapon)
Armour
 b - a +0 scale mail (worn)
 c - a +0 buckler (worn)
Potions
 d - a potion of might


   Skills:
 + Level 2.7 Fighting
 + Level 1.8 Short Blades
 - Level 2.4 Armour
 - Level 2.7 Shields


You couldn't memorise any spells.
You didn't know any spells.
Your spell library was empty.

Dungeon Overview and Level Annotations

Branches:
Dungeon (1/15)

Altars:


Innate Abilities, Weirdness & Mutations

You have extremely sharp teeth.
When hurt, damage is shared between your health and your magic reserves.
Your bite disrupts and absorbs the magic of your enemies.
Potions cannot restore your health.


Message History

An endoplasm comes into view.
The endoplasm quivers.
You hit the endoplasm. You bite the endoplasm. You drain its power.
The endoplasm is heavily wounded.
The endoplasm hits you but does no damage.
You hit the endoplasm. You bite the endoplasm.
You kill the endoplasm!
The endoplasm hits you but does no damage.
You barely miss the endoplasm. You block the endoplasm's attack.
You hit the endoplasm.
The endoplasm is severely wounded.
The endoplasm hits you but does no damage.
You hit the endoplasm.
You kill the endoplasm!
No target in view!
A kobold comes into view. It is wielding a +0 whip.
Found a short sword and a viscous golden potion.
The kobold shouts!
You hear a shout!
The kobold throws a stone.
The stone hits you.
A kobold is nearby!
A kobold is nearby!
A hobgoblin comes into view.
Found 15 gold pieces.
The hobgoblin shouts!
You hear a shout!
The hobgoblin moves out of view.
A kobold comes into view. It is wielding a +0 dagger.
Found a whip.
The kobold shouts!
You hear a shout!
The kobold throws a stone.
The stone hits you.
A kobold comes into view. It is wielding a +0 whip.
The kobold shouts!
The hobgoblin hits you but does no damage.
The kobold hits you with a +0 whip.
You barely miss the kobold. The hobgoblin misses you.
The kobold hits you with a +0 whip.
* * * LOW HITPOINT WARNING * * *
The hobgoblin hits you.
* * * LOW HITPOINT WARNING * * *
The kobold hits you with a +0 whip.
You die...

#...... ...... #.....
.. ####$... .. #
#.!.)..# .#.#
###......###.#.#.#
......K.....$..>.###
..K..K.@.....##....
......g......##...#
.)....###....##...##.#
.............##.....
......###...###..###
...................#
.#.......######..#.#
#...............#
......######.####..#


You could see a hobgoblin and 3 kobolds.

Vanquished Creatures
  2 endoplasms (D:1)
  A frilled lizard (D:1)
3 creatures vanquished.

Notes
Turn   | Place    | Note
-------+----------+-------------------------------------------
     0 | D:1      | cforsyth the Vine Stalker Fighter began the quest for the
                  | Orb.
     0 | D:1      | Reached XP level 1. HP: 11/11 MP: 2/2
   118 | D:1      | Slain by a kobold

Illustrated notes

Levels and vault maps discovered:
D:1:      shiori_arrival_oz, layout_basic

Action                     || total
---------------------------++-------
  Melee: Rapier            ||     7
         Bite              ||     2
 Armour: Scale mail        ||     5
  Dodge: Dodged            ||     1
  Block: Buckler           ||     1

Table legend: (Time is in decaauts)
 A = Elapsed time spent in this place.
 B = Non-inter-level travel time spent in this place.
 C = Inter-level travel time spent in this place.
 D = Time resting spent in this place.
 E = Time spent auto-exploring this place.
 F = Levels seen in this place.
 G = Mean time per level.
                   A        B        C        D        E       F      G
               +--------+--------+--------+--------+--------+-----+--------+
         Total |    118 |    118 |      0 |      0 |     97 |   1 |  118.0 |
       Dungeon |    118 |    118 |      0 |      0 |     97 |   1 |  118.0 |
               +--------+--------+--------+--------+--------+-----+--------+

Top non-repeatable levels by time:
     D:1: 118 daAuts
